 Dungeon Crawl Stone Soup version 0.27.0-1-g7a089689b8 (webtiles) character file.

Game seed: 4779066064237499718

2 Thatpatchoflichen the Chiller (level 1, 0/11 HPs)
             Began as an Octopode Ice Elementalist on Aug 14, 2021.
             Succumbed to a kobold's poison
             ... on level 1 of the Dungeon.
             The game lasted 00:00:56 (349 turns).

Thatpatchoflichen the Chiller (OpIE)                 Turns: 349, Time: 00:00:57

Health: 0/11       AC:  1    Str:  7    XL:     1   Next: 30%
Magic:  3/3        EV: 13    Int: 17    God:
Gold:   0          SH:  0    Dex: 12    Spells: 3/4 levels left

rFire    . . .     SeeInvis .   (no weapon)
rCold    . . .     Faith    .   (no shield)
rNeg     . . .     Spirit   .   (helmet restricted)
rPois    .         Reflect  .   (no amulet)
rElec    .         Harm     .   (no ring)
rCorr    .         Rampage  .   (no ring)
Will     .....                  (no ring)
Stlth    +++.......             (no ring)
HPRegen  0.03/turn              (no ring)
MPRegen  0.08/turn              (no ring)
                                (no ring)
                                (no ring)

@: lethally poisoned (0 -> -3)
A: almost no armour, amphibious, 8 rings, camouflage 1, gelatinous body 1,
(nimble swimmer 1), tentacles
a: no special abilities


You were on level 1 of the Dungeon.
You visited 1 branch of the dungeon, and saw 1 of its levels.

You aren't carrying anything.


   Skills:
 + Level 0.1 Fighting
 + Level 2.0 Dodging
 + Level 2.8 Stealth
 - Level 2.0 Spellcasting
 + Level 4.0 Ice Magic


You had 3 spell levels left.
You knew the following spells:

 Your Spells              Type           Power      Damage    Failure   Level
a - Freeze                Ice            60%        1d8       3%          1

Your spell library contained the following spells:

 Spells                   Type           Power      Damage    Failure   Level
 Frozen Ramparts          Ice            30%        1d5       11%         3
 Ozocubu's Armour         Ice            15%        N/A       11%         3
 Hailstorm                Conj/Ice       8%         3d4       63%         4


Dungeon Overview and Level Annotations

Branches:
Dungeon (1/15)

Altars:


Innate Abilities, Weirdness & Mutations

You cannot wear most types of armour.
You are amphibious.
You can wear up to eight rings at the same time.
Your skin changes colour to match your surroundings (Stealth+).
Your rubbery body absorbs attacks. (AC +1, EV +1)
((You are camouflaged near water. (Stealth+)))
You have tentacles for arms and can constrict up to eight enemies at once.


Message History

You freeze the ball python.
You kill the ball python!
You start resting.
Magic restored.
You start resting.
HP restored.
You see here a ball python corpse.
A rat comes into view.
The rat bites you.
You closely miss the rat. You grab the rat.
You squeeze the rat, but do no damage. You constrict the rat.
The rat bites you.
Aiming: Freeze (safe; 3% risk of failure)
Press: ? - help, Q - select action Shift-Dir - straight line, f - rat
Aim: a rat (severely wounded, constricted by you)
You freeze the rat.
You kill the rat!
Magic restored.
You see here a rat corpse.
You open the door.
A jackal and a kobold come into view.
The kobold is wielding a +2 whip of venom.
There is an open door here.
A jackal comes into view.
The kobold shouts!
The jackal barks! x2
The jackal closely misses you.
The kobold hits you with a +2 whip of venom.
You are lethally poisoned!
You feel sick. The jackal bites you.
* * * LOW HITPOINT WARNING * * *
You feel sick.
There is an open door here.
* * * LOW HITPOINT WARNING * * *
You feel sick.
You closely miss the jackal. Your grab misses the jackal.
* * * LOW HITPOINT WARNING * * *
You feel sick. The jackal closely misses you.
The kobold throws a stone.
The stone misses you.
You barely miss the jackal. Your grab misses the jackal.
You die...

..# #.# #.'...
... #
#.###'###.
#.## .#
#.##...###
####..###.#
#.#..<..'#
####.........#
#.##...##.
.............#
#.###.####
.......hK....#
#.###'# #
.....###'###.#
#...#.# ...
#@h# .#
#.#...# .
##.##.#
#.##### #..#.#
#.#
##.#.###'###
#†#.##....#
#.#.##....#
#...##....#
##..##....#
#..##....#


You could see 2 jackals and a kobold.

Vanquished Creatures
  A ball python (D:1)
  A bat (D:1)
  A rat (D:1)
3 creatures vanquished.

Notes
Turn   | Place    | Note
-------+----------+-------------------------------------------
     0 | D:1      | Thatpatchoflichen the Octopode Ice Elementalist began the
                  | quest for the Orb.
     0 | D:1      | Reached XP level 1. HP: 11/11 MP: 3/3
   349 | D:1      | Succumbed to a kobold's poison

Illustrated notes

Levels and vault maps discovered:
D:1:      dpeg_arrival_rhombi, layout_basic, hellmonk_ecumenical_altar_zigzags

Action                   || total
-------------------------++-------
Melee: Unarmed           ||     3
       Constrict         ||     1
       Tentacles         ||     1
 Cast: Freeze            ||     4
Dodge: Dodged            ||     5
